 Dungeon Crawl Stone Soup version 0.16.1-29-g3e760ad (webtiles) character file.

207 hombretrashcan the Ruffian (level 5, 21/42 HPs)
             Began as a Draconian Transmuter on June 10, 2015.
             Starved to death
             ... in the Ecumenical Temple.
             The game lasted 00:33:17 (2229 turns).

hombretrashcan the Ruffian (Draconian Transmuter)   Turns: 2229, Time: 00:33:17

Health: 21/42      AC: 10    Str: 12    XL:     5   Next: 54%
Magic:  17/17      EV: 13    Int: 13    God:
Gold:   152        SH:  0    Dex: 11    Spells: 0 memorised, 8 levels left

rFire  . . .     SeeInvis .     D - +0 falchion (protect)
rCold  . . .     Clarity  +     (armour unavailable)
rNeg   . . .     SustAb   .     (no shield)
rPois  .         Gourm    .     A - +0 hat
rElec  .         Spirit   .     (no cloak)
rCorr  .         Warding  .     (no gloves)
rMut   .         Stasis   .     (no boots)
MR     .....                    k - amulet of rage
Stlth  +.........               w - ring of magical power
                                g - +4 ring of slaying {Hello motherfuckers}

@: starving, not resistant to hostile enchantments, very unstealthy
A: unfitting armour, clarity, low mp 1, weak 1, cold-blooded, AC +5
a: Evoke Berserk Rage


You were in the Ecumenical Temple.
You were starving.

You visited 2 branches of the dungeon, and saw 5 of its levels.

You collected 152 gold pieces.

Inventory:

Hand weapons
 e - a +0 short sword
 f - a +0 club
 h - a +0 war axe
 m - a cursed +0 whip
 n - a +1 dagger of venom
 p - a +0 scythe
 q - a +0 hunting sling
 u - a +0 whip
 v - a +0 quarterstaff
 D - a +0 falchion of protection (weapon)
Missiles
 b - 12 arrows
 c - 13 bolts
 i - 14 poisoned needles
 l - 18 stones (quivered)
 r - 5 tomahawks
 z - 15 sling bullets of frost
Armour
 j - a +0 robe
 A - a +0 hat (worn)
 B - a +0 robe
 F - a +0 helmet
Jewellery
 g - a +4 ring of slaying (left hand) {Hello motherfuckers}
 k - an amulet of rage (around neck)
 t - an uncursed ring of protection from magic
 w - a ring of magical power (right hand)
Scrolls
 y - a scroll of remove curse
 C - a scroll of fog
 E - a scroll of identify
Potions
 o - a potion of agility
 s - a potion of haste
Books
 d - a book of Changes

   Spells                             Type                      Level
   a - Beastly Appendage              Transmutation                1
   b - Sticks to Snakes               Transmutation                2
   c - Spider Form                    Transmutation/Poison         3
   d - Ice Form                       Ice/Transmutation            4
   e - Blade Hands                    Transmutation                5
Comestibles
 a - 3 bread rations
 x - a slice of pizza


   Skills:
 + Level 2.3 Fighting
 + Level 0.6(1.0) Maces & Flails
 + Level 0.4(0.8) Polearms
 + Level 1.1(1.3) Staves
 + Level 0.1 Throwing
 + Level 3.6 Dodging
 + Level 0.8 Stealth
 + Level 3.9 Unarmed Combat
 + Level 2.2 Spellcasting
   Level 2.0 Transmutations


You had 8 spell levels left.
You didn't know any spells.

Dungeon Overview and Level Annotations

Branches:
Dungeon (4/15)             Temple (1/1) D:4

Altars:
Ashenzari
Cheibriados
Dithmenos
Elyvilon
Fedhas
Gozag
Makhleb
Nemelex Xobeh
Okawaru
Qazlal
Ru
Trog
Vehumet
Xom
Yredelemnul
Zin
The Shining One

Annotations:
D:4 exclusion: oklob sapling


Innate Abilities, Weirdness & Mutations

Your plain brown scales are hard (AC +5).
Your body does not fit into most forms of armour.
Your cold-blooded metabolism reacts poorly to cold.
You possess an exceptional clarity of mind.
Your magical capacity is low (-10% MP).
You are weak. (Str -2)


Message History

Found a glowing silver altar of Zin.
Found a radiant altar of Vehumet and a burning altar of Makhleb.
There is a glowing golden altar of the Shining One here.
You don't know any spells.
Press: ? - help, v - describe, . - travel The floor.
That item cannot be evoked!
There is a shadowy altar of Dithmenos here.
Press: ? - help, v - describe, . - travel A shattered altar of Ashenzari.
You lose consciousness!
You can move again.
There is a shadowy altar of Dithmenos here.
Found a sacrificial altar of Ru.
Found a basalt altar of Yredelemnul and a sparkling altar of Nemelex Xobeh.
There is an opulent altar of Gozag here.
Found a blossoming altar of Fedhas.
There is a radiant altar of Vehumet here.
You have starved to death.
You die...

#.._._._..#
#.........#
#.........#
#.._._._..#
#.........#
#.........#
#.._._._..#
#.........#
#....@....#
#.._._._..#
#.........#
#.........#
#...#8#...#
#...._....#
#...#ยง#...#
#########


There were no monsters in sight!

Vanquished Creatures
  Sigmund (D:3)
  A hound (D:3)
  A worker ant (D:3)
  An adder (D:2)
  3 worms
  2 adder skeletons (D:4)
  A giant gecko (D:2)
  An orc (D:3)
  2 ball pythons
  6 goblins
  7 hobgoblins
  8 kobolds
  5 bats
  4 giant newts
  9 rats
  2 plants
54 creatures vanquished.

Notes
Turn   | Place    | Note
--------------------------------------------------------------
     0 | D:1      | hombretrashcan, the Draconian Transmuter, began the quest for the Orb.
     0 | D:1      | Reached XP level 1. HP: 16/16 MP: 3/3
   398 | D:1      | Gained mutation: You are weak. (Str -2) [potion of mutation]
   398 | D:1      | Gained mutation: You possess an exceptional clarity of mind. [potion of mutation]
   398 | D:1      | Gained mutation: Your magical capacity is low (-10% MP). [potion of mutation]
   492 | D:1      | Reached XP level 2. HP: 23/23 MP: 3/3
  1128 | D:2      | Reached XP level 3. HP: 17/28 MP: 5/5
  1483 | D:3      | Reached XP level 4. HP: 18/35 MP: 6/6
  1500 | D:3      | Found a burning altar of Makhleb.
  1673 | D:3      | Found a white marble altar of Elyvilon.
  1679 | D:3      | Noticed Sigmund
  1730 | D:3      | Killed Sigmund
  1730 | D:3      | Reached skill level 1 in Staves
  1730 | D:3      | Reached XP level 5. HP: 17/42 MP: 8/8
  2160 | D:4      | Found a staircase to the Ecumenical Temple.
  2193 | Temple   | Entered the Ecumenical Temple
  2229 | Temple   | Starved to death

Action                   |  1- 3 |  4- 6 || total
-------------------------+-------+-------++-------
Melee: Unarmed           |    15 |       ||    15
       Club              |    76 |       ||    76
       Quarterstaff      |    30 |     6 ||    36
       War axe           |       |    19 ||    19
       Falchion          |       |    36 ||    36
       Scythe            |       |     3 ||     3
Throw: Stone             |     6 |     3 ||     9
  Use: Scroll            |    12 |     2 ||    14
       Potion            |     2 |     4 ||     6
  Eat: Pizza             |     1 |       ||     1
